 Dungeon Crawl Stone Soup version 0.31-a0-1009-g454b1f1e0a (webtiles) character file.

Game seed: 1401237890627326348

548721 stendehmen the Phalangite (level 25, -8/148 (159) HPs)
             Began as a Gargoyle Fighter on Nov 16, 2023.
             Was the Champion of Jiyva.
             Killed from afar by an ancient lich (91 damage)
             ... with a crystal spear
             ... on level 5 of the Vaults.
             The game lasted 07:15:03 (57466 turns).

stendehmen the Phalangite (Gargoyle Fighter)       Turns: 57466, Time: 07:15:10

HP:   -8/148 (159)  AC: 51    Str: 42    XL:     25   Next: 59%
MP:   0/40          EV: 12    Int: 20    God:    Jiyva [******]
Gold: 1451          SH:  0    Dex:  9    Spells: 42/51 levels left

rFire   + + +        U - +5 scythe "Finisher" {speed, execute}
rCold   + + .        (shield currently unavailable)
rNeg    + . .        D - +9 plate armour of Pyoffa {Rampage rC++ Int+6}
rPois   ∞            c - +2 helmet {Int+3}
rElec   +            K - +2 cloak {Will+}
rCorr   +            y - +2 pair of gloves {hurl}
SInv    +            b - +2 pair of boots {rampage}
Will    ++...        M - amulet of guardian spirit Stlth
                     S - ring "Suiruisa" {rF+ Str+6 Slay+6 Stlth-}
HPRegen 2.04/turn    V - ring of Zihox {rElec rF+ Str+6 SInv}
MPRegen 0.77/turn

%: guardian spirit, rampage
@: marked, corroded, calling ooze, flying, drained
A: sickness immunity, AC +19, big wings, negative energy resistance 1,
electricity resistance, torment resistance 1, petrification resistance, claws 2,
fire resistance 3, pseudopods 2, tendrils, jelly sensing items, jelly absorbing
missiles, MP-powered wands, noise suppression
}: 4/15 runes: serpentine, barnacled, slimy, silver
a: Renounce Religion, Oozemancy, Slimify


You were on level 5 of the Vaults.
You worshipped Jiyva.
Jiyva was exalted by your worship.
You visited 12 branches of the dungeon, and saw 52 of its levels.
You visited the Abyss 2 times.
You visited 1 bazaar.
You also visited: Gauntlet and Wizlab.

You collected 6280 gold pieces.
You spent 4829 gold pieces at shops.

Inventory:

Hand Weapons
 a - the +1 glaive of Bynoqel {freeze, *Slow +Blink rElec rN+}
   (You found it on level 5 of the Pits of Slime)

   rElec:     It insulates you from electricity.
   rN+:       It protects you from negative energy.
   +Blink:    It lets you blink.
   *Slow:     It may slow you when you take damage.
 U - the +5 scythe "Finisher" (weapon) {speed, execute}
   (You found it on level 13 of the Dungeon)
Missiles
 s - 63 poisoned darts (quivered)
 N - 7 datura-tipped darts
Armour
 b - a +2 pair of boots of rampaging (worn)
 c - a +2 helmet of intelligence (worn)
 j - the +0 helmet of the Tentacled God {-Tele rN+++ Str+4}
   (You found it on level 4 of the Shoals)

   Str+4:     It affects your strength (+4).
   rN+++:     It renders you almost immune to negative energy.
   -Tele:     It prevents most forms of teleportation.
 l - a +3 crystal plate armour
 y - a +2 pair of gloves of hurling (worn)
 D - the +9 plate armour of Pyoffa (worn) {Rampage rC++ Int+6}
   (You bought it in a shop on level 2 of the Orcish Mines)

   Int+6:     It affects your intelligence (+6).
   rC++:      It greatly protects you from cold.
   Rampage:   It bestows one free step when moving towards enemies.
 K - a +2 cloak of willpower (worn)
 Y - a +2 hat of intelligence
Jewellery
 k - a ring of willpower
 A - a ring of willpower
 L - a ring of willpower
 M - an amulet of guardian spirit (around neck)
 S - the ring "Suiruisa" (left hand) {rF+ Str+6 Slay+6 Stlth-}
   (You found it on level 5 of the Pits of Slime)

   [ring of protection from fire]

   Str+6:     It affects your strength (+6).
   Slay+6:    It affects your accuracy & damage with ranged weapons and melee
   (+6).
   rF+:       It protects you from fire.
   Stlth-:    It makes you less stealthy.
 V - the ring of Zihox (right hand) {rElec rF+ Str+6 SInv}
   (You acquired it on level 9 of the Dungeon)

   [ring of protection from fire]

   Str+6:     It affects your strength (+6).
   rF+:       It protects you from fire.
   rElec:     It insulates you from electricity.
   SInv:      It lets you see invisible.
 Z - a ring of willpower
Wands
 f - a wand of charming (44)
 i - a wand of flame (18)
 z - a wand of acid (25)
 E - a wand of polymorph (29)
 I - a wand of mindburst (22)
 J - a wand of roots (43)
 W - a wand of digging (3)
Scrolls
 d - 6 scrolls of blinking
 m - 5 scrolls of fear
 r - 3 scrolls of poison
 t - 9 scrolls of teleportation
 x - 2 scrolls of revelation
 H - 5 scrolls of fog
 P - 2 scrolls of silence
 Q - a scroll of immolation
Potions
 g - 4 potions of berserk rage
 h - a potion of invisibility
 p - 7 potions of enlightenment
 q - 2 potions of mutation
 v - 6 potions of heal wounds
 F - 7 potions of resistance
 G - 2 potions of might
 R - 3 potions of haste
 T - 5 potions of cancellation
 X - 19 potions of curing
Miscellaneous
 e - a tin of tremorstones (2/2)
 n - a phial of floods
 w - a lightning rod (4/4)
 C - a box of beasts
 O - a phantom mirror


   Skills:
 * Level 16.4 Fighting
 - Level 2.4(17.9) Axes
 - Level 3.1(3.6) Maces & Flails
 + Level 26.4(26.5) Polearms
 * Level 16.4 Armour
 - Level 11.0 Dodging
 - Level 12.9 Shields
 + Level 13.5 Spellcasting
 - Level 6.0 Hexes
 - Level 6.0 Transmutations
 - Level 5.2 Air Magic
 - Level 3.0 Earth Magic
 - Level 12.7 Evocations


You had 42 spell levels left.
You knew the following spells:

 Your Spells              Type           Power      Damage    Failure   Level
a - Wereblood             Tmut           37%        N/A       1%          2
b - Passwall              Tmut/Erth      25%        N/A       3%          2
f - Swiftness             Air            34%        N/A       5%          3
s - Jinxbite              Hex            74%        N/A       1%          2

Your spell library contained the following spells:

 Spells                   Type           Power      Damage    Failure   Level
 Sandblast                Erth           50%        2d12      4%          1
 Shock                    Conj/Air       96%        1d9       5%          1
 Ensorcelled Hibernation  Hex/Ice        50%        N/A       7%          2
 Poisonous Vapours        Pois/Air       48%        N/A       8%          2
 Static Discharge         Conj/Air       48%        3-5/arc   8%          2
 Cause Fear               Hex            18%        N/A       13%         4
 Dazzling Flash           Conj/Hex       50%        N/A       14%         3
 Inner Flame              Hex/Fire       25%        N/A       14%         3
 Airstrike                Air            17%        2d(3-19)  19%         4
 Ignite Poison            Fire/Tmut/Pois 21%        N/A       21%         3
 Mephitic Cloud           Conj/Pois/Air  20%        N/A       22%         3
 Scorch                   Fire           26%        2d6       24%         2
 Stone Arrow              Conj/Erth      38%        3d9       26%         3
 Yara's Violent Unravell  Hex/Tmut       18%        3d9       36%         5
 Silence                  Hex/Air        18%        N/A       38%         5
 Anguish                  Hex/Necr       12%        N/A       41%         4
 Gell's Gravitas          Tloc           13%        N/A       43%         3
 Ozocubu's Armour         Ice            13%        N/A       43%         3
 Teleport Other           Tloc           13%        N/A       43%         3
 Volatile Blastmotes      Fire/Tloc      26%        2d12      43%         3
 Summon Lightning Spire   Summ/Air       24%        N/A       45%         4
 Brom's Barrelling Bould  Conj/Erth      19%        2d4       63%         4
 Alistair's Intoxication  Tmut/Pois      16%        N/A       77%         5
 Irradiate                Conj/Tmut      12%        3d15      77%         5
 Metabolic Englaciation   Hex/Ice        12%        N/A       77%         5
 Summon Mana Viper        Hex/Summ       25%        N/A       77%         5
 Flame Wave               Conj/Fire      13%        2d6       83%         4
 Sticky Flame             Conj/Fire      13%        2d4       83%         4
 Freezing Cloud           Conj/Ice/Air   10%        6-21      91%         5
 Borgnjor's Vile Clutch   Necr/Erth      9%         N/A       93%         5
 Agony                    Necr           13%        N/A       99%         5
 Fireball                 Conj/Fire      6%         3d5       99%         5
 Iskenderun's Battlesphe  Conj           13%        2d7       99%         5
 Summon Forest            Summ/Tloc      6%         N/A       99%         5
 Bombard                  Conj/Erth      9%         9d2       100%        6
 Conjure Ball Lightning   Conj/Air       12%        3x3d6     100%        6
 Dispersal                Tloc           6%         N/A       100%        6
 Eringya's Noxious Bog    Tmut/Pois      12%        4d6       100%        6
 Simulacrum               Ice/Necr       6%         N/A       100%        6
 Starburst                Conj/Fire      6%         6d4       100%        6
 Summon Cactus Giant      Summ           6%         N/A       100%        6
 Enfeeble                 Hex            18%        N/A       100%        7
 Haunt                    Necr/Summ      6%         N/A       100%        7
 Malign Gateway           Summ/Tloc      6%         N/A       100%        7
 Ozocubu's Refrigeration  Ice            6%         4d8       100%        7
 Spellforged Servitor     Conj/Summ      6%         N/A       100%        7
 Borgnjor's Revivificati  Necr           6%         N/A       100%        8
 Discord                  Hex            18%        N/A       100%        8
 Disjunction              Tloc           6%         N/A       100%        8
 Ignition                 Fire           6%         3d4       100%        8
 Maxwell's Capacitive Co  Air            17%        ∞         100%        8
 Death's Door             Necr           6%         N/A       100%        9
 Dragon's Call            Summ           6%         N/A       100%        9


Dungeon Overview and Level Annotations

Branches:
Dungeon (15/15)            Temple (1/1) D:6            Lair (5/5) D:10
 Shoals (4/4) Lair:3        Snake (4/4) Lair:2        Slime (5/5) Lair:5
    Orc (2/2) D:9             Elf (3/3) Orc:2        Vaults (5/5) D:13
  Crypt (3/3) Vaults:3       Tomb (1/3) Crypt:3      Depths (4/4) D:15
    Zot (0/5) Depths:4     WizLab (visited)         Gauntlet (visited)

Altars:
Ashenzari
Cheibriados
Dithmenos
Elyvilon
Fedhas
Gozag
Hepliaklqana
Kikubaaqudgha
Makhleb
Nemelex Xobeh
Okawaru
Qazlal
Ru
Sif Muna
Trog
Uskayaw
Vehumet
Wu Jian
Xom
Yredelemnul
Zin
The Shining One
Jiyva

Shops:
D:1 :   D:2 (   D:5 *   D:7 =   D:8 :   D:10 (   D:12 :   Orc:2 *![*
Shoals:4 [   Vaults:3 [=   Depths:3 :=:[

Portals:
Hell: Lair:5 Depths:1 Depths:2 Depths:3 Depths:4
Abyss: Depths:3
Pandemonium: Depths:2
Ziggurat: Depths:1

Annotations:
Slime:5 Royal Jelly


Innate Abilities, Weirdness & Mutations

You are immune to sickness and miasma.
Your stone body is resilient. (AC +19)
You are immune to poison.
Your large and strong wings let you fly.
You resist negative energy. (rN+)
You are resistant to electric shocks. (rElec)
You are resistant to unholy torment.
You are immune to petrification.
You have very sharp fingernails.
Your flesh is almost immune to the effects of heat. (rF+++)
Armour fits poorly on your large pseudopods.
You are covered in slimy tendrils that may disarm your opponents.
You have a small jelly attached to you that senses nearby items.
You have a small jelly attached to you that may absorb projectiles.
You expend magic power (3 MP) to strengthen your wands.
You passively dampen the noise of your surroundings.


Message History

You barely miss the ancient lich. You bludgeon the ancient lich.
The ancient lich is lightly damaged.
The dream sheep changes into a death drake!
The walls burn the vault sentinel!
The wall burns the ancient lich!
The ancient lich touches you but does no damage.
The walls burn the tengu reaver!
Reach: U) +5 scythe "Finisher" {speed, execute}
Press: ? - help, Dir - move target, f - tengu reaver
Aim: a tengu reaver, wielding a +1 war axe of flaming, wearing a +2 ring mail of cold resistance and wearing a +2 buckler (moderately wounded, repelling missiles, about 35% to evade the +5 scythe "Finisher")
Your weapon can't reach that far!
Reach: U) +5 scythe "Finisher" {speed, execute}
Press: ? - help, Dir - move target, f - tengu reaver
Aim: a tengu reaver, wielding a +1 war axe of flaming, wearing a +2 ring mail of cold resistance and wearing a +2 buckler (moderately wounded, repelling missiles, about 35% to evade the +5 scythe "Finisher")
Your weapon can't reach that far!
Okay, then.
Unknown command.
You impale the ancient lich!!
You bludgeon the ancient lich, but do no damage.
The ancient lich is moderately damaged.
You closely miss the ancient lich. You bludgeon the ancient lich.
The ancient lich is moderately damaged.
The wall burns the ancient lich!
The ancient lich touches you but does no damage.
The vault sentinel hits you with a +0 falchion.
The wall burns the tengu reaver!
The tengu reaver points at you and mumbles some strange words.
The bolt of negative energy hits you!! You partially resist.
You feel drained.
A vault warden comes into view.
It is wielding a +2 halberd of freezing.
You closely miss the ancient lich.
The ancient lich is moderately damaged.
The wall burns the ancient lich!
The ancient lich gestures at you while chanting.
You resist with some effort.
You impale the ancient lich!!
The ancient lich is heavily damaged.
The wall burns the ancient lich!
The ancient lich casts a spell at you. The crystal spear hits you!!!!
Ouch! That really hurt!
You die...

)##.##.........##∆**,.##,,*
.#(.?#.........#∆∆∆*p..#,,*
.##.##.........##∆*#..#*,,*
..#'#....$....?)###..#**,,*
...................$.##*,,*
.........###......Q...#*,,*
.##.....##∆##.....##...#,,*
####....#∆∆∆+....##**..#,,*
***#....#*∆*#..p@#***,,*,,*
,**(.....#*#.....L#*,,,*,,*
,,,..##.......##....,,,*,,*
,,,.##*#.....#*##.....,,,,*
*********####****#####..,,*
,,,,,,,,,,,,,,,,,,,,,,,.,,*
,,,,,,,,,,,,,,,,,,,,,,,,,,*
***************************


You could see an ancient lich (fast), a vault warden, a tengu reaver (repels
missiles) and a vault sentinel.

Vanquished Creatures
  A dread lich (Vaults:4)
  Khufu (Crypt:2)
  Mara (Depths:1)
  4 royal mummies
  Sojobo (Vaults:3)
  Saint Roka (Vaults:1)
  Vashnia (Snake:3)
  Frederick (Vaults:2)
  2 golden dragons (Vaults:5)
  The ghost of Ukiefoc the Devastator, an adept DrFE of Vehumet (Vaults:3)
  2 bone dragons
  A profane servitor (Abyss:3)
  Nikola (Vaults:1)
  2 pearl dragons (Depths:1)
  A hellephant (Depths:2)
  5 liches
  Asterion (Snake:2)
  3 quicksilver dragons (Vaults:5)
  3 titans
  2 deep elf blademasters (Elf:3)
  2 deep elf master archers (Elf:3)
  5 sphinxes (Tomb:1)
  2 krakens
  Frances (Shoals:1)
  4 tentacled starspawn
  5 ancient champions
  Agnes (D:14)
  Aizul (Snake:3)
  7 shadow dragons
  6 tengu reavers
  6 nagarajas
  A storm dragon (Vaults:5)
  Donald (Elf:1)
  6 revenants
  Roxanne (Snake:1)
  A draconian knight (Depths:4)
  6 frost giants
  7 fire giants
  3 deep elf sorcerers
  The ghost of voshxx the Scorcher, an adept DrFE of Sif Muna (Orc:2)
  A balrug (Depths:1)
  2 ghost moths
  Louise (Snake:2)
  16 vault wardens
  A draconian annihilator (Depths:4)
  2 deep elf elementalists (Elf:3)
  6 ghouls
  A curse skull (Crypt:1)
  An orc warlord (Vaults:4)
  A draconian shifter (WizLab)
  12 ironbound preservers
  10 very ugly things
  A reaper (D:13)
  12 stone giants
  An ophan (Depths:1)
  2 juggernaut skeletons
  6 vampire knights
  2 war gargoyles
  9 deep elf demonologists
  5 ironbound thunderhulks
  A red draconian (Depths:4)
  A black draconian (Depths:4)
  A spectral titan (Crypt:3)
  A white draconian (Depths:4)
  Azrael (Snake:3)
  8 deep elf annihilators
  2 minotaurs
  An apis (Depths:1)
  10 deep elf death magi
  A starcursed mass (Abyss:3)
  Snorg (Orc:2)
  11 dire elephants
  The ghost of kal9871 the Marksspriggan, a journeyman SpHu of Okawaru (Lair:4)
  2 green deaths (Snake:2)
  3 merfolk javelineers (Shoals:4)
  4 merfolk impalers
  11 ettins
  5 mummy priests (Tomb:1)
  8 yaktaur captains
  A spectral golden dragon (Crypt:3)
  10 eidola
  A spectral quicksilver dragon (Crypt:3)
  5 fire dragons
  3 spectral spriggans (Crypt:3)
  10 jiangshi
  2 crystal guardians (Vaults:3)
  5 deep elf high priests
  6 ice dragons
  31 vault guards
  7 hydras
  3 peacekeepers
  An ogre mage (Vaults:5)
  A spriggan air mage (Depths:3)
  3 rakshasas
  A caustic shrike simulacrum (Crypt:3)
  2 salamander tyrants (Snake:4)
  2 alligator snapping turtles
  A catoblepas (Lair:4)
  18 anacondas
  7 merfolk avatars
  6 ironbound frosthearts
  7 centaur warriors
  9 boulder beetles
  7 merfolk aquamancers
  6 death knights
  3 satyrs
  16 naga warriors
  20 death scarabs (Tomb:1)
  6 hell hogs
  3 death yaks
  27 dancing weapons
  4 two-headed ogres
  5 deep troll shamans
  3 orc high priests
  5 tengu warriors
  5 vampire magi
  3 spriggan berserkers
  2 deep troll earth magi
  A shock serpent (shapeshifter) (Elf:3)
  4 thrashing horrors (Abyss:3)
  6 spectral storm dragons
  An occultist (Lair:5)
  A spectral dire elephant (Crypt:3)
  A sphinx skeleton (Vaults:5)
  9 naga sharpshooters
  4 hell knights
  12 deep elf knights
  5 shadow wraiths (Crypt:3)
  3 shock serpents
  A storm dragon zombie (Tomb:1)
  A sun demon (Depths:1)
  The ghost of Dado the Protected, a novice AtHs of Makhleb (D:8)
  3 iron trolls
  2 soul eaters (Crypt:3)
  5 salamander mystics (Snake:4)
  7 skysharks
  40 skeletal warriors
  9 sea snakes
  A spatial maelstrom (Abyss:3)
  A fire crab (Lair:4)
  38 deep trolls
  2 sixfirhies
  12 naga ritualists
  11 flayed ghosts
  A bunyip zombie (Crypt:1)
  An orange crystal statue (Vaults:2)
  A spectral hydra (Crypt:3)
  14 ironbound convokers
  17 deep elf archers
  5 arcanists
  A bog body (Crypt:3)
  29 harpies
  9 lindwurms
  A kraken simulacrum (Shoals:4)
  An anaconda skeleton (Crypt:2)
  8 orc knights
  14 phantasmal warriors
  28 deep elf zephyrmancers
  A sphinx simulacrum (Vaults:5)
  8 mana vipers
  An iron dragon zombie (Tomb:1)
  5 orc sorcerers
  27 ugly things
  A mana viper (shapeshifter) (Elf:1)
  8 necromancers
  A will-o-the-wisp (WizLab)
  A salamander (shapeshifter) (Abyss:3)
  12 fauns
  A spectral ice dragon (Crypt:3)
  A worldbinder (Abyss:3)
  2 spectral ettins (Crypt:3)
  28 deep elf pyromancers
  A wolf spider (D:13)
  7 cyclopes
  15 salamanders
  8 manticores
  Maurice (D:7)
  12 elephants
  A fire giant skeleton (Vaults:3)
  33 black mambas
  5 merfolk sirens
  A centaur zombie (Tomb:1)
  A frost giant skeleton (Vaults:3)
  5 guardian serpents
  2 spectral centaurs (Crypt:3)
  22 naga magi
  6 smoke demons
  A naga zombie (Crypt:3)
  A stone giant skeleton (Tomb:1)
  4 water nymphs
  2 torpor snails
  14 vault sentinels
  An alligator snapping turtle zombie (Crypt:2)
  2 dire elephant zombies
  2 hellions (Abyss:3)
  2 orange demons (Lair:5)
  14 cane toads
  A swamp worm zombie (Crypt:1)
  4 unseen horrors (D:12)
  13 rime drakes
  An unseen horror (shapeshifter) (D:14)
  A dire elephant skeleton (Crypt:2)
  17 freezing wraiths
  A redback zombie (Crypt:1)
  8 komodo dragons
  An ice devil (Lair:5)
  A red draconian zombie (Crypt:3)
  2 spectral harpies (Crypt:3)
  3 tengu conjurers
  An efreet (Abyss:3)
  24 yaktaurs
  11 guardian mummies (Tomb:1)
  3 red devils (Lair:5)
  22 merfolk
  A merfolk (shapeshifter) (Vaults:5)
  2 yaktaur skeletons
  10 trolls
  A wind drake (shapeshifter) (D:14)
  A hornet (shapeshifter) (Elf:2)
  A tengu simulacrum (Crypt:3)
  2 polar bears
  3 wind drakes
  6 hellwings (Abyss:3)
  9 blink frogs
  3 hornets (Depths:2)
  A guardian serpent zombie (Crypt:2)
  5 dream sheep (Lair:4)
  A hydra skeleton (Crypt:2)
  9 snapping turtles
  A slime creature (Lair:5)
  A harpy skeleton (Abyss:3)
  2 raiju
  2 human simulacra (Vaults:3)
  30 flying skulls
  3 naga simulacra (Crypt:3)
  3 shadows
  2 vampires
  8 wraiths
  2 ettin skeletons
  3 spriggans (Depths:2)
  26 water elementals
  A ynoxinul (Abyss:3)
  4 air elementals
  4 ushabtiu (Tomb:1)
  A wyvern (D:11)
  A black mamba skeleton (Crypt:3)
  8 large abominations (Abyss:3)
  58 yaks
  A human (shapeshifter) (D:13)
  3 basilisks
  2 fire bats (Gauntlet)
  12 steam dragons
  A neqoxec (Abyss:3)
  6 vampire mosquitoes (D:13)
  A yaktaur simulacrum (Vaults:5)
  A harpy simulacrum (Crypt:3)
  3 elf skeletons
  A fire bat zombie (Crypt:2)
  50 nagas
  2 acid dragons
  8 wargs
  18 water moccasins
  9 hell hounds
  41 orc warriors
  An ice beast (D:7)
  2 black bears
  A glowing shapeshifter skeleton (Crypt:2)
  2 sky beasts
  21 wolves
  7 ogres
  A dream sheep skeleton (Crypt:1)
  7 human skeletons
  13 centaurs
  3 phantoms
  A salamander zombie (Crypt:1)
  A kobold brigand (D:7)
  A rime drake zombie (Crypt:1)
  A rime drake skeleton (Crypt:2)
  2 gnoll sergeants
  4 scorpions
  13 bullfrogs
  2 necrophages (Crypt:3)
  4 earth elementals
  5 small abominations (Abyss:3)
  4 wights
  A hornet simulacrum (D:14)
  A water moccasin skeleton (Crypt:3)
  8 killer bees
  6 jellies
  An electric eel (Lair:3)
  8 howler monkeys
  A lava snake (Snake:4)
  A quasit (Abyss:3)
  8 hounds
  11 orc priests
  An iron imp (Abyss:3)
  3 sleepcaps
  Jessica (D:2)
  2 iguanas
  10 hell rats
  20 orc wizards
  A scorpion zombie (Crypt:3)
  A boggart skeleton (Crypt:1)
  An acid dragon zombie (Crypt:3)
  A tengu zombie (Crypt:1)
  7 mummies
  18 gnolls
  7 adders
  3 shadow imps
  2 worms
  98 orcs
  5 ball pythons
  8 endoplasms
  A giant cockroach (D:3)
  2 hobgoblins
  3 jackals (D:1)
  11 kobolds
  9 quokkas
  9 bats
  A frilled lizard (D:2)
  5 goblins
  An orc zombie (Crypt:3)
  A quokka skeleton (Crypt:2)
  5 rats
  A river rat zombie (Crypt:3)
  4 tentacles
1967 creatures vanquished.

Vanquished Creatures (collateral kills)
  2 naga warriors (Snake:4)
  A naga sharpshooter (Snake:4)
  A salamander mystic (Snake:4)
  3 guardian serpents (Snake:4)
  A vault sentinel (Vaults:2)
  A naga mage (Snake:4)
  A naga (Snake:4)
10 creatures vanquished.

Vanquished Creatures (others)
  A formless jellyfish (Vaults:3)
  An ironbound preserver (Vaults:3)
  2 ironbound thunderhulks
  A yaktaur captain (Vaults:3)
  A fire dragon (Lair:5)
  6 great orbs of eyes
  An alligator (shapeshifter) (WizLab)
  A dancing weapon (Elf:2)
  A sea snake (shapeshifter) (Vaults:4)
  4 glowing orange brains
  A deep troll (shapeshifter) (WizLab)
  2 ironbound convokers (Vaults:3)
  An arcanist (Vaults:3)
  A lindwurm (Vaults:3)
  A harpy (Vaults:2)
  A deep elf zephyrmancer (Elf:1)
  A deep elf pyromancer (Elf:1)
  3 shining eyes (Abyss:3)
  3 vault sentinels
  A water nymph (Shoals:4)
  A black mamba (Snake:1)
  4 elephants (Lair:5)
  A rime drake (Lair:5)
  2 yaktaurs
  A merfolk (shapeshifter) (D:14)
  2 merfolk (Shoals:4)
  A snapping turtle (Shoals:4)
  5 glass eyes
  A jumping spider (WizLab)
  19 slime creatures
  A water elemental (Elf:1)
  A golden eye (Abyss:3)
  A neqoxec (Gauntlet)
  3 large abominations (Abyss:3)
  2 nagas (Snake:4)
  A water moccasin (Lair:5)
  3 orc warriors
  2 wolves (Lair:5)
  A small abomination (Abyss:3)
  An earth elemental (Elf:1)
  173 jellies
  A howler monkey (D:12)
  A quasit (Abyss:3)
  An orc priest (Orc:2)
  A human skeleton (Crypt:3)
  An orc wizard (Orc:2)
  2 mummies (Tomb:1)
  A howler monkey zombie (Crypt:3)
  6 orcs
  A giant cockroach zombie (Crypt:1)
  An orc skeleton (Crypt:2)
  2 foxfires (WizLab)
  11 starspawn tentacles
  18 tentacles
307 creatures vanquished.

Grand Total: 2284 creatures vanquished

Notes
Turn   | Place    | Note
-------+----------+-------------------------------------------
     0 | D:1      | stendehmen the Gargoyle Fighter began the quest for the
                  | Orb.
     0 | D:1      | Reached XP level 1. HP: 14/14 MP: 1/1
   176 | D:1      | Reached XP level 2. HP: 7/19 MP: 2/2
   436 | D:1      | Found Qeikea Gacs's Book Boutique.
   760 | D:2      | Reached XP level 3. HP: 24/24 MP: 3/3
   946 | D:2      | Found a faded altar of an unknown god.
  1001 | D:2      | Found Muedem's Antique Weapon Boutique.
  1066 | D:2      | Noticed Jessica
  1070 | D:2      | Killed Jessica
  1071 | D:2      | Reached XP level 4. HP: 29/29 MP: 4/4
  1754 | D:3      | Reached skill level 1 in Maces & Flails
  1960 | D:2      | Reached XP level 5. HP: 31/33 MP: 5/5
  2342 | D:3      | Reached XP level 6. HP: 39/39 MP: 6/6
  2638 | D:2      | Bought a runed morningstar for 154 gold pieces
  2963 | D:4      | Reached skill level 5 in Fighting
  2963 | D:4      | Reached skill level 5 in Shields
  2963 | D:4      | Reached XP level 7. HP: 41/44 MP: 7/7
  2968 | D:4      | Reached skill level 5 in Armour
  3129 | D:5      | Entered Level 5 of the Dungeon
  3381 | D:5      | Found Xoles's Assorted Antiques.
  3419 | D:5      | Reached skill level 1 in Polearms
  4007 | D:6      | Reached skill level 2 in Polearms
  4007 | D:6      | Reached XP level 8. HP: 50/51 MP: 8/8
  4059 | D:6      | Found a staircase to the Ecumenical Temple.
  4074 | Temple   | Entered the Ecumenical Temple
  4081 | Temple   | Became a worshipper of Elyvilon the Healer
  4142 | D:6      | Found a glowing silver altar of Zin.
  4197 | D:6      | Reached skill level 3 in Polearms
  4427 | D:6      | Found an ancient bone altar of Kikubaaqudgha.
  4430 | D:6      | Found a sacrificial altar of Ru.
  4612 | D:6      | Reached * piety under Elyvilon
  4946 | D:7      | Reached skill level 4 in Polearms
  4949 | D:7      | Reached XP level 9. HP: 57/57 MP: 9/9
  5403 | D:7      | Reached skill level 5 in Polearms
  5478 | D:7      | Found Jiegisuf's Jewellery Shoppe.
  5549 | D:7      | Reached ** piety under Elyvilon
  6026 | D:8      | Noticed Maurice
  6184 | D:8      | Maurice stole a +0 giant spiked club
  6186 | D:8      | Maurice stole 167 gold
  6192 | D:7      | Something stole 17 poisoned darts
  6237 | D:7      | Killed Maurice
  6238 | D:7      | Reached skill level 6 in Polearms
  6238 | D:7      | Reached XP level 10. HP: 28/66 MP: 10/10
  6430 | D:8      | Found Qaitsik's Book Shoppe.
  6674 | D:8      | Reached *** piety under Elyvilon
  7018 | D:8      | Found a runed translucent gate.
  7019 | D:8      | Found a runed translucent gate.
  7019 | D:8      | Noticed Dado's ghost (novice AtHs)
  7022 | D:8      | Found a runed translucent gate.
  7040 | D:8      | Killed Dado's ghost
  7041 | D:8      | Reached skill level 10 in Fighting
  7642 | D:9      | Reached skill level 7 in Polearms
  7701 | D:9      | Reached skill level 10 in Armour
  8068 | D:9      | Noticed a white ugly thing
  8088 | D:9      | HP: 2/68 [white ugly thing (18)]
  8356 | D:9      | Killed a white ugly thing
  8510 | D:9      | Reached **** piety under Elyvilon
  8517 | D:9      | Found a staircase to the Orcish Mines.
  8901 | D:9      | Identified a scroll of acquirement
  8901 | D:9      | Acquired the ring of Zihox {rElec rF+ Str+6 SInv}
  8926 | D:10     | Entered Level 10 of the Dungeon
  9009 | D:10     | Reached XP level 11. HP: 69/73 MP: 9/11
  9111 | D:10     | Noticed a death yak
  9137 | D:9      | Killed a death yak
  9327 | D:10     | Found a staircase to the Lair.
  9398 | D:10     | Noticed a two-headed ogre
  9406 | D:10     | Killed a two-headed ogre
  9698 | D:10     | Found Rehu Otu's Antique Weapon Shoppe.
  9926 | D:11     | Noticed a two-headed ogre
  9951 | D:11     | Killed a two-headed ogre
  9952 | D:11     | Reached skill level 1 in Dodging
 10229 | D:11     | Reached skill level 10 in Shields
 10435 | D:11     | Noticed a cyclops
 10452 | D:11     | Killed a cyclops
 10820 | Lair:1   | Entered Level 1 of the Lair of Beasts
 11130 | Lair:1   | Reached skill level 5 in Dodging
 11130 | Lair:1   | Reached XP level 12. HP: 41/78 MP: 7/12
 11363 | Lair:1   | Reached skill level 1 in Spellcasting
 12597 | Lair:2   | Reached skill level 8 in Polearms
 12739 | Lair:2   | Reached ***** piety under Elyvilon
 13124 | Lair:2   | Found a staircase to the Snake Pit.
 13631 | Lair:3   | Noticed a boulder beetle
 13706 | Lair:3   | Killed a boulder beetle
 14385 | Lair:3   | Found a staircase to the Shoals.
 14396 | Lair:3   | Reached XP level 13. HP: 84/84 MP: 18/18
 15534 | D:7      | Bought an amulet of regeneration for 390 gold pieces
 15879 | Lair:4   | Found a runed translucent gate.
 15879 | Lair:4   | Found a runed translucent gate.
 15879 | Lair:4   | Found a runed translucent gate.
 15880 | Lair:4   | Noticed a minotaur
 15883 | Lair:4   | Noticed kal9871's ghost (journeyman SpHu)
 15923 | Lair:4   | Reached skill level 9 in Polearms
 16264 | Lair:4   | Reached ****** piety under Elyvilon
 16577 | Lair:5   | Entered Level 5 of the Lair of Beasts
 16679 | Lair:5   | Found a viscous altar of Jiyva.
 16681 | Lair:5   | Found a staircase to the Slime Pits.
 16706 | Lair:5   | Fell from the grace of Elyvilon
 16706 | Lair:5   | Became a worshipper of Jiyva Junohous the Shapeless
 16711 | WizLab   | Identified the of Ehytwox
 16711 | Elf:3    | Identified the "Xielutis"
 16711 | Slime:1  | Entered Level 1 of the Pits of Slime
 16711 | Slime:1  | Noticed an azure jelly
 17014 | D:10     | Bought a glowing flail for 162 gold pieces
 17127 | D:2      | Bought a twisted flail for 187 gold pieces
 17127 | D:2      | Identified the +1 flail "Jyfigull" {heavy, *Corrode rF+
                  | Str+2 Int+6} (You bought it in a shop on level 2 of the
                  | Dungeon)
 17234 | Orc:1    | Entered Level 1 of the Orcish Mines
 18126 | D:12     | Reached * piety under Jiyva
 18331 | D:12     | Found Doxewk's Book Shop.
 18567 | D:12     | Gained mutation: Your large and strong wings let you fly.
                  | [Gargoyle growth]
 18567 | D:12     | Reached XP level 14. HP: 92/92 MP: 20/20
 18595 | D:12     | Reached ** piety under Jiyva
 19169 | D:13     | Reached skill level 10 in Polearms
 19236 | D:13     | Reached *** piety under Jiyva
 19490 | D:13     | Noticed a reaper
 19490 | D:13     | Found the +5 scythe "Finisher" {speed, execute}
 19520 | D:13     | Killed a reaper
 20087 | D:13     | Gained mutation: You have a small jelly attached to you
                  | that senses nearby items. [Jiyva's grace]
 20087 | D:13     | Gained mutation: You are partially covered in iridescent
                  | scales. (AC +2) [Jiyva's grace]
 20087 | D:13     | Gained mutation: You are mostly covered in iridescent
                  | scales. (AC +4) [Jiyva's grace]
 20087 | D:13     | Gained mutation: You are completely covered in iridescent
                  | scales. (AC +6) [Jiyva's grace]
 20223 | D:13     | Reached **** piety under Jiyva
 20474 | D:13     | Found a gate to the Vaults.
 20528 | D:14     | Reached skill level 11 in Polearms
 20643 | D:14     | Found a gate leading to a gauntlet.
 20643 | D:14     | Noticed Agnes
 20649 | Gauntlet | Entered a Gauntlet
 20649 | Gauntlet | Found a transporter.
 20649 | Gauntlet | Found a transporter.
 20710 | Gauntlet | Found a transporter.
 20717 | Gauntlet | Found a runed translucent door.
 20725 | Gauntlet | Found a transporter.
 20725 | Gauntlet | Found a transporter.
 20725 | Gauntlet | Found a transporter.
 20727 | Gauntlet | Found a transporter.
 20727 | Gauntlet | Found a transporter.
 20742 | Gauntlet | Found a transporter.
 20757 | Gauntlet | Found a runed translucent gate.
 20758 | Gauntlet | Found a transporter.
 20758 | Gauntlet | Found a runed translucent gate.
 20759 | Gauntlet | Found a runed translucent gate.
 20760 | Gauntlet | Noticed a cacodemon
 20768 | Gauntlet | Found a transporter.
 20785 | Gauntlet | Reached ***** piety under Jiyva
 20785 | Gauntlet | Found a transporter.
 20803 | Gauntlet | Found a transporter.
 20816 | Gauntlet | Found a transporter.
 21075 | Gauntlet | Identified the ring of Entrepreneurial Spirit {rN+++ rCorr
                  | Str-2 SInv Stlth+}
 21136 | Gauntlet | Identified the -1 pair of gloves of the Blind Marksman
                  | {Str+4 Dex-5}
 21163 | Gauntlet | Reached XP level 15. HP: 100/100 MP: 21/21
 21194 | Gauntlet | Identified the +1 leather armour of Doyt {MP+9 Str+4 Dex+3
                  | SInv}
 21280 | D:14     | Killed Agnes
 21417 | D:14     | Lost mutation: You are completely covered in iridescent
                  | scales. (AC +6) [Jiyva's grace]
 21417 | D:14     | Gained mutation: You have large cloven feet. [Jiyva's
                  | grace]
 21417 | D:14     | Gained mutation: You have hoof-like feet. [Jiyva's grace]
 21417 | D:14     | Gained mutation: You have hooves in place of feet. [Jiyva's
                  | grace]
 21417 | D:14     | Gained mutation: Your mind is acute. (Int +4, Str/Dex -1)
                  | [Jiyva's grace]
 21418 | D:14     | Lost mutation: You are mostly covered in iridescent scales.
                  | (AC +4) [potion of mutation]
 21418 | D:14     | Lost mutation: You are partially covered in iridescent
                  | scales. (AC +2) [potion of mutation]
 21418 | D:14     | Lost mutation: Your mind is acute. (Int +4, Str/Dex -1)
                  | [potion of mutation]
 21418 | D:14     | Gained mutation: You are dopey. (Int -2) [potion of
                  | mutation]
 21418 | D:14     | Gained mutation: You are covered in fur. (AC +1) [potion of
                  | mutation]
 21418 | D:14     | Gained mutation: You possess an exceptional clarity of
                  | mind. [potion of mutation]
 21418 | D:14     | Gained mutation: Your spells are a little harder to cast,
                  | but a little more powerful. [potion of mutation]
 21724 | Orc:2    | Entered Level 2 of the Orcish Mines
 21724 | Orc:2    | Found a staircase to the Elven Halls.
 21778 | Elf:1    | Entered Level 1 of the Elven Halls
 21967 | Elf:1    | Reached skill level 12 in Polearms
 22030 | Elf:1    | Noticed Zenata
 22035 | Elf:1    | Slimified Zenata
 22035 | Elf:1    | Zenata changed into Zenata the acid blob
 22035 | Elf:1    | Noticed Zenata
 22217 | Elf:1    | Identified the +3 leather armour of the Alphagorgon {Int+2
                  | Dex+2}
 22258 | Elf:1    | Found a magical portal.
 22267 | WizLab   | Entered The Roulette of Golubria
 22267 | WizLab   | Found a transporter.
 22272 | WizLab   | Noticed a ghost moth
 22272 | WizLab   | Found a corrupted altar of Lugonu.
 22274 | WizLab   | Noticed a tentacled starspawn
 22280 | WizLab   | Killed a tentacled starspawn
 22309 | WizLab   | Reached skill level 1 in Evocations
 22319 | WizLab   | Found a transporter.
 22319 | WizLab   | Noticed a ghost moth
 22324 | WizLab   | Killed a ghost moth
 22368 | WizLab   | Found a transporter.
 22387 | WizLab   | Noticed a purple draconian shifter
 22415 | WizLab   | Noticed a purple draconian shifter
 22415 | WizLab   | Noticed a purple draconian shifter
 22473 | WizLab   | Killed a purple draconian shifter
 22614 | Orc:2    | Found .
 22929 | WizLab   | Found a transporter.
 22929 | WizLab   | Found a transporter.
 22964 | WizLab   | Noticed a tentacled starspawn
 22981 | WizLab   | Killed a tentacled starspawn
 23027 | WizLab   | Found a transporter.
 23030 | WizLab   | Noticed a tentacled starspawn
 23038 | WizLab   | Noticed a ghost moth
 23084 | WizLab   | Found a corrupted altar of Lugonu.
 23120 | WizLab   | Found a transporter.
 23127 | WizLab   | Noticed a tentacled starspawn
 23511 | Orc:2    | Found a large runed translucent door.
 23511 | Orc:2    | Found a large runed translucent door.
 23512 | Orc:2    | Noticed voshxx's ghost (adept DrFE)
 23521 | Orc:2    | Killed voshxx's ghost
 23716 | Orc:2    | Found Coezuumu's Assorted Antiques.
 23783 | Orc:2    | Lost mutation: You have hooves in place of feet. [Jiyva's
                  | grace]
 23783 | Orc:2    | Lost mutation: You possess an exceptional clarity of mind.
                  | [Jiyva's grace]
 23783 | Orc:2    | Gained mutation: You have an increased reservoir of magic.
                  | (+10% MP) [Jiyva's grace]
 23783 | Orc:2    | Gained mutation: You have a considerably increased
                  | reservoir of magic. (+20% MP) [Jiyva's grace]
 23783 | Orc:2    | Gained mutation: You have a greatly increased reservoir of
                  | magic. (+30% MP) [Jiyva's grace]
 23783 | Orc:2    | Gained mutation: You are partially covered in iridescent
                  | scales. (AC +2) [Jiyva's grace]
 23828 | Orc:2    | Found Coelusae's Antique Armour Shop.
 23828 | Orc:2    | Found Raclac's General Store.
 23913 | Orc:2    | Noticed Snorg
 23921 | Orc:2    | Killed Snorg
 23922 | Orc:2    | Reached XP level 16. HP: 102/107 MP: 29/29
 24349 | Elf:1    | Reached skill level 13 in Polearms
 24631 | Lair:4   | Killed kal9871's ghost
 24830 | Lair:5   | Identified the +3 whip "Tolat" {venom, MP-9 Int+3}
 24854 | Lair:5   | Reached skill level 15 in Fighting
 24977 | Lair:5   | Reached skill level 15 in Armour
 25369 | Lair:5   | a 12-headed hydra changed into an azure jelly
 25369 | Lair:5   | Noticed an azure jelly
 25456 | Lair:5   | Reached skill level 14 in Polearms
 25478 | Lair:5   | Reached skill level 5 in Evocations
 25575 | Lair:5   | Found an iron altar of Okawaru.
 25795 | Lair:5   | Found a burning altar of Makhleb.
 25820 | Lair:5   | Found a gateway to Hell.
 25995 | Lair:5   | Found a burning altar of Makhleb.
 26001 | Lair:5   | Found a gateway to Hell.
 26217 | Lair:5   | Found a staircase to the Slime Pits.
 26225 | Lair:5   | Found a viscous altar of Jiyva.
 26420 | Lair:5   | Found an iron altar of Okawaru.
 26671 | Shoals:1 | Entered Level 1 of the Shoals
 26674 | Shoals:1 | Lost mutation: You have hoof-like feet. [Jiyva's grace]
 26674 | Shoals:1 | Lost mutation: You have a greatly increased reservoir of
                  | magic. (+30% MP) [Jiyva's grace]
 26674 | Shoals:1 | Gained mutation: You have a greatly increased reservoir of
                  | magic. (+30% MP) [Jiyva's grace]
 26674 | Shoals:1 | Gained mutation: You passively map a small area around you.
                  | [Jiyva's grace]
 26674 | Shoals:1 | Gained mutation: You passively map the area around you.
                  | [Jiyva's grace]
 26674 | Shoals:1 | Gained mutation: You passively map a large area around you.
                  | [Jiyva's grace]
 26914 | Orc:2    | Bought a scorched plate armour for 868 gold pieces
 26914 | Orc:2    | Identified the +0 plate armour "Iburoa" {Regen+} (You
                  | bought it in a shop on level 2 of the Orcish Mines)
 26914 | Orc:2    | Lost mutation: You are covered in fur. (AC +1) [potion of
                  | mutation]
 26914 | Orc:2    | Lost mutation: You are partially covered in iridescent
                  | scales. (AC +2) [potion of mutation]
 26914 | Orc:2    | Gained mutation: You are occasionally teleported next to
                  | monsters. [potion of mutation]
 26915 | Orc:2    | Lost mutation: Your spells are a little harder to cast, but
                  | a little more powerful. [potion of mutation]
 26915 | Orc:2    | Lost mutation: You have a greatly increased reservoir of
                  | magic. (+30% MP) [potion of mutation]
 26915 | Orc:2    | Gained mutation: Your muscles are strong. (Str +4, Int/Dex
                  | -1) [potion of mutation]
 26947 | Orc:2    | Bought a potion of mutation for 128 gold pieces
 26947 | Orc:2    | Bought a potion of mutation for 128 gold pieces
 26948 | Orc:2    | Lost mutation: You have a considerably increased reservoir
                  | of magic. (+20% MP) [potion of mutation]
 26948 | Orc:2    | Lost mutation: Your muscles are strong. (Str +4, Int/Dex
                  | -1) [potion of mutation]
 26948 | Orc:2    | Gained mutation: You have a pair of small horns on your
                  | head. [potion of mutation]
 26948 | Orc:2    | Gained mutation: You occasionally lose the ability to drink
                  | potions when taking damage. [potion of mutation]
 26949 | Orc:2    | Lost mutation: You are dopey. (Int -2) [potion of mutation]
 26949 | Orc:2    | Lost mutation: You occasionally lose the ability to drink
                  | potions when taking damage. [potion of mutation]
 27198 | Shoals:1 | Noticed Frances
 27212 | Shoals:1 | Killed Frances
 27428 | Shoals:1 | Reached ****** piety under Jiyva
 28155 | Slime:2  | Noticed a rockslime
 28158 | Slime:2  | Noticed an acid blob
 28167 | Slime:2  | Noticed an azure jelly
 28309 | Slime:2  | Noticed an acid blob
 28359 | Slime:3  | Noticed an acid blob
 28422 | Slime:3  | Noticed an azure jelly
 28422 | Slime:3  | Noticed an acid blob
 28514 | Slime:4  | Noticed an acid blob
 28609 | Slime:4  | Noticed an acid blob
 28724 | Slime:5  | Entered Level 5 of the Pits of Slime
 28819 | Slime:5  | Found a viscous altar of Jiyva.
 28819 | Slime:5  | Noticed an acid blob
 28821 | Slime:5  | Noticed an acid blob
 28822 | Slime:5  | Noticed an acid blob
 28826 | Slime:5  | Identified the ring "Suiruisa" {rF+ Str+6 Slay+6 Stlth-}
 28828 | Slime:5  | Identified the +11 sling of Ecaqiofu {speed, Fragile rN+
                  | Str+2 Int+3}
 28831 | Slime:5  | Identified the ring of the Harvest {Fly rCorr Str-4 Int+3
                  | Dex+2}
 28834 | Slime:5  | Identified the ring of Fidotaob {rElec rC+++ Will- rCorr
                  | Str-4}
 28837 | Slime:5  | Identified the +1 glaive of Bynoqel {freeze, *Slow +Blink
                  | rElec rN+}
 28844 | Slime:5  | Noticed an acid blob
 28844 | Slime:5  | Noticed a rockslime
 28845 | Slime:5  | Noticed an acid blob
 28853 | Slime:5  | Noticed an acid blob
 28854 | Slime:5  | Noticed a rockslime
 28949 | Slime:5  | Noticed an acid blob
 28956 | Slime:5  | Identified the quicksilver dragon scales of the First Ships
                  | {Harm Will+ Str+3}
 28959 | Slime:5  | Identified the +4 short sword of Werur {heavy, rF+ rN+
                  | Int+3}
 28962 | Slime:5  | Identified the +10 halberd of the Well-Known Portals
                  | {drain, rCorr}
 28966 | Slime:5  | Identified the +7 plate armour of Cloud Cover {rC+ Int-4
                  | Dex+4}
 28978 | Slime:5  | Noticed an acid blob
 29038 | Slime:5  | Noticed an acid blob
 29055 | Slime:5  | Noticed the Royal Jelly
 29125 | Slime:5  | Got a slimy rune of Zot
 29126 | Slime:5  | Identified the +1 halberd "Zupruon" {freeze, Dex+4}
 29482 | D:15     | Entered Level 15 of the Dungeon
 29738 | D:15     | Lost mutation: You passively map a large area around you.
                  | [Jiyva's grace]
 29738 | D:15     | Lost mutation: You have a small jelly attached to you that
                  | senses nearby items. [Jiyva's grace]
 29738 | D:15     | Gained mutation: Your translucent skin slightly reduces
                  | your foes' accuracy. (Stealth+) [Jiyva's grace]
 29738 | D:15     | Gained mutation: Your translucent skin reduces your foes'
                  | accuracy. (Stealth+) [Jiyva's grace]
 29738 | D:15     | Gained mutation: Your transparent skin significantly
                  | reduces your foes' accuracy. (Stealth+) [Jiyva's grace]
 29738 | D:15     | Gained mutation: You are strong-willed. (Will+) [Jiyva's
                  | grace]
 29759 | D:15     | Reached skill level 15 in Polearms
 29803 | D:15     | Reached skill level 5 in Spellcasting
 29803 | D:15     | Found a staircase to the Depths.
 29950 | D:15     | Reached XP level 17. HP: 113/113 MP: 25/27
 30711 | Shoals:2 | Identified the ring "Foyng" {rF+ Int+3 Dex+6}
 30960 | Shoals:2 | Noticed a kraken
 31060 | Shoals:2 | Killed a kraken
 31061 | Shoals:2 | Reached skill level 16 in Polearms
 31321 | Snake:1  | Entered Level 1 of the Snake Pit
 31448 | Snake:1  | Noticed Roxanne
 31547 | Snake:1  | Killed Roxanne
 31583 | Snake:1  | You are sucked into a shaft and drop 1 floor!
 31708 | Snake:1  | Lost mutation: You have a pair of small horns on your head.
                  | [Jiyva's grace]
 31708 | Snake:1  | Lost mutation: You are strong-willed. (Will+) [Jiyva's
                  | grace]
 31708 | Snake:1  | Lost mutation: You passively map the area around you.
                  | [Jiyva's grace]
 31708 | Snake:1  | Lost mutation: You are occasionally teleported next to
                  | monsters. [Jiyva's grace]
 31708 | Snake:1  | Gained mutation: Your spells are a little harder to cast,
                  | but a little more powerful. [Jiyva's grace]
 31708 | Snake:1  | Gained mutation: Your spells are harder to cast, but more
                  | powerful. [Jiyva's grace]
 31708 | Snake:1  | Gained mutation: Your spells are much harder to cast, but
                  | much more powerful. [Jiyva's grace]
 31708 | Snake:1  | Gained mutation: You passively map the area around you.
                  | [Jiyva's grace]
 32595 | Snake:2  | Found a runed translucent door.
 32738 | Snake:2  | Reached skill level 17 in Polearms
 32914 | Snake:2  | Identified the +5 kite shield of Midsummer {rElec Int+2
                  | Dex+3}
 32914 | Snake:2  | Noticed Asterion
 32939 | Snake:2  | Killed Asterion
 32987 | Snake:2  | Noticed Louise
 32996 | Abyss:3  | Found a corrupted altar of Lugonu.
 32996 | Abyss:3  | Cast into level 3 of the Abyss (Louise)
 33094 | Abyss:3  | Noticed a tentacled starspawn
 33102 | Abyss:3  | Killed a tentacled starspawn
 33171 | Abyss:3  | Reached XP level 18. HP: 119/119 MP: 32/32
 33285 | Abyss:3  | Lost mutation: You have an increased reservoir of magic.
                  | (+10% MP) [Jiyva's grace]
 33285 | Abyss:3  | Lost mutation: Your spells are much harder to cast, but
                  | much more powerful. [Jiyva's grace]
 33285 | Abyss:3  | Gained mutation: Armour fits poorly on your pseudopods.
                  | [Jiyva's grace]
 33285 | Abyss:3  | Gained mutation: Armour fits poorly on your large
                  | pseudopods. [Jiyva's grace]
 33285 | Abyss:3  | Gained mutation: Armour fits poorly on your massive
                  | pseudopods. [Jiyva's grace]
 33285 | Abyss:3  | Gained mutation: You are covered in slimy tendrils that may
                  | disarm your opponents. [Jiyva's grace]
 33372 | Abyss:3  | Noticed a profane servitor
 33374 | Abyss:3  | Killed a profane servitor
 33566 | Abyss:3  | Noticed a bone dragon
 33585 | Abyss:3  | Killed a bone dragon
 33651 | Abyss:3  | Reached skill level 18 in Polearms
 33672 | Snake:2  | Escaped the Abyss
 33692 | Snake:2  | Killed Louise
 34258 | Snake:3  | Noticed Azrael
 34284 | Snake:3  | Noticed Vashnia
 34295 | Snake:3  | Killed Azrael
 34298 | Snake:3  | Killed Vashnia
 34619 | Snake:3  | Identified the serpent talisman of the Merwolf {rElec rF-
                  | rC+}
 34619 | Snake:3  | Noticed Aizul
 34642 | Snake:3  | Killed Aizul
 34844 | Snake:4  | Entered Level 4 of the Snake Pit
 34859 | Snake:4  | Reached skill level 19 in Polearms
 34974 | Snake:4  | Reached XP level 19. HP: 64/124 MP: 14/32
 35019 | Snake:4  | Reached skill level 10 in Spellcasting
 35095 | Snake:4  | Lost mutation: You passively map the area around you.
                  | [Jiyva's grace]
 35095 | Snake:4  | Lost mutation: Your spells are harder to cast, but more
                  | powerful. [Jiyva's grace]
 35095 | Snake:4  | Lost mutation: Your spells are a little harder to cast, but
                  | a little more powerful. [Jiyva's grace]
 35095 | Snake:4  | Lost mutation: Armour fits poorly on your massive
                  | pseudopods. [Jiyva's grace]
 35095 | Snake:4  | Gained mutation: Your rubbery body absorbs attacks. (AC +1,
                  | EV +1) [Jiyva's grace]
 35095 | Snake:4  | Gained mutation: Your pliable body absorbs attacks. (AC +2,
                  | EV +2) [Jiyva's grace]
 35095 | Snake:4  | Gained mutation: Your gelatinous body deflects attacks. (AC
                  | +3, EV +3) [Jiyva's grace]
 35095 | Snake:4  | Gained mutation: Your flesh is heat resistant. (rF+)
                  | [Jiyva's grace]
 35125 | Snake:4  | Got a serpentine rune of Zot
 35526 | Snake:4  | Identified the +3 shortbow "Hydrabane" {drain, rN+ Dex+9
                  | Stlth-}
 36048 | Shoals:3 | Reached skill level 20 in Polearms
 37492 | Shoals:4 | Entered Level 4 of the Shoals
 37856 | Shoals:4 | Found Peudapot's Armour Boutique.
 37875 | Shoals:4 | Bought a +1 pair of boots for 149 gold pieces
 38185 | Shoals:4 | Got a barnacled rune of Zot
 38273 | Shoals:4 | Reached XP level 20. HP: 125/129 MP: 33/35
 38289 | Shoals:4 | Lost mutation: You have large cloven feet. [Jiyva's grace]
 38289 | Shoals:4 | Lost mutation: Your gelatinous body deflects attacks. (AC
                  | +3, EV +3) [Jiyva's grace]
 38289 | Shoals:4 | Lost mutation: Armour fits poorly on your large pseudopods.
                  | [Jiyva's grace]
 38289 | Shoals:4 | Lost mutation: Your transparent skin significantly reduces
                  | your foes' accuracy. (Stealth+) [Jiyva's grace]
 38289 | Shoals:4 | Lost mutation: Your translucent skin reduces your foes'
                  | accuracy. (Stealth+) [Jiyva's grace]
 38289 | Shoals:4 | Lost mutation: You are covered in slimy tendrils that may
                  | disarm your opponents. [Jiyva's grace]
 38289 | Shoals:4 | Gained mutation: You have a pair of small antennae on your
                  | head. [Jiyva's grace]
 38289 | Shoals:4 | Gained mutation: You have a pair of antennae on your head.
                  | [Jiyva's grace]
 38289 | Shoals:4 | Gained mutation: You have a pair of large antennae on your
                  | head. (SInv) [Jiyva's grace]
 38289 | Shoals:4 | Gained mutation: Your body has grown eyes which may confuse
                  | attackers. (Acc +3) [Jiyva's grace]
 38456 | Shoals:4 | Identified the +0 helmet of the Tentacled God {-Tele rN+++
                  | Str+4}
 38784 | Elf:1    | Reached skill level 21 in Polearms
 39002 | Elf:1    | Noticed Donald
 39008 | Elf:1    | Killed Donald
 39541 | Elf:2    | Found a runed translucent gate.
 39541 | Elf:2    | Found a runed translucent gate.
 39542 | Elf:2    | Found a runed translucent gate.
 39825 | Elf:2    | Paralysed by an air elemental for 1 turns
 40219 | Elf:2    | Acquired the +0 pair of boots of Makhleb's Grace {Dex+2}
 40565 | Elf:2    | Lost mutation: You have a pair of large antennae on your
                  | head. (SInv) [Jiyva's grace]
 40565 | Elf:2    | Lost mutation: Your flesh is heat resistant. (rF+) [Jiyva's
                  | grace]
 40565 | Elf:2    | Lost mutation: Your pliable body absorbs attacks. (AC +2,
                  | EV +2) [Jiyva's grace]
 40565 | Elf:2    | Gained mutation: Your flesh is heat resistant. (rF+)
                  | [Jiyva's grace]
 40565 | Elf:2    | Gained mutation: Your flesh is very heat resistant. (rF++)
                  | [Jiyva's grace]
 40565 | Elf:2    | Gained mutation: Your flesh is almost immune to the effects
                  | of heat. (rF+++) [Jiyva's grace]
 40565 | Elf:2    | Gained mutation: You have a small jelly attached to you
                  | that may absorb projectiles. [Jiyva's grace]
 40884 | Elf:3    | Entered Level 3 of the Elven Halls
 40938 | Elf:3    | Paralysed by an air elemental for 1 turns
 40941 | Elf:3    | Paralysed by an air elemental for 1 turns
 41199 | Orc:2    | Bought a smoking plate armour for 924 gold pieces
 41199 | Orc:2    | Identified the +9 plate armour of Pyoffa {Rampage rC++
                  | Int+6} (You bought it in a shop on level 2 of the Orcish
                  | Mines)
 41379 | Elf:3    | Reached skill level 22 in Polearms
 41915 | Elf:3    | Identified the staff of Koimmass {rElec rN+ Int+3 Air}
 41950 | Elf:3    | Reached XP level 21. HP: 127/134 MP: 37/37
 42157 | Abyss:3  | Found a corrupted altar of Lugonu.
 42157 | Abyss:3  | Cast into level 3 of the Abyss (a deep elf demonologist)
 42191 | Elf:3    | Escaped the Abyss
 42227 | Elf:3    | Found the +13 scythe of Curses {drain, curses, Drain}
 42236 | Elf:3    | Identified the +1 great sword of the Heavens {protect,
                  | Fragile rF- rN+++ SInv}
 42236 | Elf:3    | Identified the +1 leather armour "Kugiss" {rElec rC+ Str+4}
 42310 | Elf:3    | Identified the +5 dagger "Okkegoynn" {venom, Str+5}
 42313 | Elf:3    | Identified the staff "Deuxtadgh" {*Corrode rElec Int+3 SInv
                  | Air Earth}
 42860 | Vaults:1 | Entered Level 1 of the Vaults
 42871 | Vaults:1 | Noticed Nikola
 42874 | Vaults:1 | Killed Nikola
 43000 | Vaults:1 | Noticed Saint Roka
 43022 | Vaults:1 | Killed Saint Roka
 43214 | Vaults:1 | Lost mutation: You have a pair of antennae on your head.
                  | [Jiyva's grace]
 43214 | Vaults:1 | Lost mutation: Your flesh is almost immune to the effects
                  | of heat. (rF+++) [Jiyva's grace]
 43214 | Vaults:1 | Lost mutation: Armour fits poorly on your pseudopods.
                  | [Jiyva's grace]
 43214 | Vaults:1 | Gained mutation: Your pliable body absorbs attacks. (AC +2,
                  | EV +2) [Jiyva's grace]
 43214 | Vaults:1 | Gained mutation: Your gelatinous body deflects attacks. (AC
                  | +3, EV +3) [Jiyva's grace]
 43214 | Vaults:1 | Gained mutation: You possess an exceptional clarity of
                  | mind. [Jiyva's grace]
 43214 | Vaults:1 | Gained mutation: You passively map the area around you.
                  | [Jiyva's grace]
 43455 | Vaults:1 | Reached skill level 23 in Polearms
 43677 | Vaults:1 | Reached skill level 10 in Dodging
 43732 | Vaults:2 | Noticed Frederick
 43742 | Vaults:2 | Killed Frederick
 44074 | Vaults:2 | Found a transporter.
 44085 | Vaults:2 | Found a transporter.
 44357 | Vaults:2 | Reached XP level 22. HP: 140/140 MP: 38/38
 45026 | Vaults:3 | Noticed Sojobo
 45029 | Vaults:3 | Paralysed by an air elemental for 1 turns
 45034 | Vaults:3 | Killed Sojobo
 45102 | Vaults:3 | Found Nyaps's Jewellery Boutique.
 45114 | Vaults:3 | Reached skill level 24 in Polearms
 45350 | Orc:2    | Bought 2 potions of cancellation for 256 gold pieces
 45350 | Orc:2    | Bought a potion of might for 64 gold pieces
 45350 | Orc:2    | Bought a potion of curing for 48 gold pieces
 45350 | Orc:2    | Bought a potion of curing for 48 gold pieces
 45350 | Orc:2    | Bought a potion of attraction for 48 gold pieces
 45350 | Orc:2    | Bought a potion of curing for 48 gold pieces
 45350 | Orc:2    | Bought a potion of curing for 48 gold pieces
 45359 | Orc:2    | Bought a potion of haste for 330 gold pieces
 45359 | Orc:2    | Bought a potion of heal wounds for 165 gold pieces
 45359 | Orc:2    | Bought a scroll of teleportation for 99 gold pieces
 45778 | Vaults:3 | Found a staircase to the Crypt.
 45800 | Crypt:1  | Entered Level 1 of the Crypt
 46356 | Crypt:1  | Paralysed by a vampire knight for 5 turns
 46532 | Crypt:1  | Lost mutation: Your flesh is very heat resistant. (rF++)
                  | [Jiyva's grace]
 46532 | Crypt:1  | Lost mutation: You passively map the area around you.
                  | [Jiyva's grace]
 46532 | Crypt:1  | Lost mutation: Your gelatinous body deflects attacks. (AC
                  | +3, EV +3) [Jiyva's grace]
 46532 | Crypt:1  | Gained mutation: Your flesh is very heat resistant. (rF++)
                  | [Jiyva's grace]
 46532 | Crypt:1  | Gained mutation: Your flesh is almost immune to the effects
                  | of heat. (rF+++) [Jiyva's grace]
 46532 | Crypt:1  | Gained mutation: You are robust. (+10% HP) [Jiyva's grace]
 46532 | Crypt:1  | Gained mutation: You are very robust. (+20% HP) [Jiyva's
                  | grace]
 47266 | Crypt:2  | Noticed Khufu
 47266 | Crypt:2  | Noticed a royal mummy
 47266 | Crypt:2  | Noticed a royal mummy
 47304 | Crypt:2  | Killed a royal mummy
 47308 | Crypt:2  | Killed Khufu
 47315 | Crypt:2  | Killed a royal mummy
 47546 | Crypt:2  | Reached skill level 10 in Evocations
 48375 | Crypt:3  | Entered Level 3 of the Crypt
 48513 | Crypt:3  | Reached XP level 23. HP: 172/172 MP: 39/39
 48547 | Crypt:3  | Reached skill level 25 in Polearms
 48643 | Crypt:3  | Found a staircase to the Tomb.
 49139 | Crypt:3  | Lost mutation: You passively map a small area around you.
                  | [Jiyva's grace]
 49139 | Crypt:3  | Lost mutation: You are very robust. (+20% HP) [Jiyva's
                  | grace]
 49139 | Crypt:3  | Lost mutation: Your pliable body absorbs attacks. (AC +2,
                  | EV +2) [Jiyva's grace]
 49139 | Crypt:3  | Gained mutation: You have sharp fingernails. [Jiyva's
                  | grace]
 49139 | Crypt:3  | Gained mutation: You have very sharp fingernails. [Jiyva's
                  | grace]
 49139 | Crypt:3  | Gained mutation: You have claws for hands. [Jiyva's grace]
 49139 | Crypt:3  | Gained mutation: You are somewhat resistant to further
                  | mutation. [Jiyva's grace]
 49275 | Crypt:3  | Identified the +3 spear "Beicu" {elec, Dex+4}
 49747 | Crypt:3  | Found the +7 hand cannon "Mule" {flame, backblast, rF+}
 49753 | Crypt:3  | Identified the amulet of the Worm {Faith Rampage rElec
                  | Regen+}
 49761 | Crypt:3  | Identified the ring "Impyekko" {*Corrode Fly Str+6}
 49779 | Crypt:3  | Identified the +5 glaive "Voinn" {speed, Will+}
 49809 | Crypt:3  | Identified the +2 leather armour of Toothy the Leaf {Harm
                  | rElec}
 50158 | Vaults:3 | Found a transporter.
 50158 | Vaults:3 | Noticed Ukiefoc's ghost (adept DrFE)
 50219 | Vaults:3 | Found a transporter.
 50276 | Vaults:3 | Found Diafet's Antique Armour Emporium.
 50609 | Vaults:3 | Killed Ukiefoc's ghost
 51017 | Vaults:4 | Lost mutation: You have claws for hands. [Jiyva's grace]
 51017 | Vaults:4 | Lost mutation: Your flesh is almost immune to the effects
                  | of heat. (rF+++) [Jiyva's grace]
 51017 | Vaults:4 | Lost mutation: You are robust. (+10% HP) [Jiyva's grace]
 51017 | Vaults:4 | Lost mutation: You have a small jelly attached to you that
                  | may absorb projectiles. [Jiyva's grace]
 51017 | Vaults:4 | Gained mutation: Armour fits poorly on your pseudopods.
                  | [Jiyva's grace]
 51017 | Vaults:4 | Gained mutation: Armour fits poorly on your large
                  | pseudopods. [Jiyva's grace]
 51017 | Vaults:4 | Gained mutation: Armour fits poorly on your massive
                  | pseudopods. [Jiyva's grace]
 51017 | Vaults:4 | Gained mutation: You expend magic power (3 MP) to
                  | strengthen your wands. [Jiyva's grace]
 51229 | Vaults:4 | Found a radiant altar of Vehumet.
 51282 | Vaults:4 | Identified the +0 robe of Sophism {Harm rF- SInv Archmagi}
 51290 | Vaults:4 | Found the +4 robe of Folly {Brill Will-∞ Int+8}
 51300 | Vaults:4 | Identified the +1 hat of Fallacy {Harm rPois rF+ Str+3
                  | Dex-3}
 51508 | Vaults:4 | Found a flickering gateway to a bazaar.
 51617 | Bazaar   | Entered a bazaar
 51648 | Bazaar   | Found Zoiclumyda's Antique Weapon Shoppe.
 51648 | Bazaar   | Found Meojonge's Distillery.
 51682 | Bazaar   | Found Woxim's Antique Weapon Emporium.
 51682 | Bazaar   | Found Biommegh's Assorted Antiques.
 51704 | Bazaar   | Bought 2 scrolls of enchant armour for 390 gold pieces
 51704 | Bazaar   | Bought a scroll of enchant armour for 195 gold pieces
 52009 | Vaults:5 | Entered Level 5 of the Vaults
 52161 | Tomb:1   | Entered Level 1 of the Tomb of the Ancients
 52320 | Tomb:1   | Reached skill level 26 in Polearms
 52455 | Tomb:1   | Noticed a royal mummy
 52481 | Tomb:1   | Killed a royal mummy
 52663 | Tomb:1   | Noticed a royal mummy
 52674 | Tomb:1   | Killed a royal mummy
 52696 | Tomb:1   | Reached XP level 24. HP: 67/150 MP: 15/39
 53402 | Depths:1 | Entered Level 1 of the Depths
 53402 | Depths:1 | Found a stormy altar of Qazlal.
 53481 | Depths:1 | Noticed Mara
 53483 | Depths:1 | Noticed stendehmen's illusion
 53563 | Depths:2 | Found a one-way gate leading to the halls of Pandemonium.
 53611 | Depths:1 | Found a one-way gateway to a ziggurat.
 53622 | Depths:1 | Lost mutation: You have a pair of small antennae on your
                  | head. [Jiyva's grace]
 53622 | Depths:1 | Lost mutation: Your flesh is very heat resistant. (rF++)
                  | [Jiyva's grace]
 53622 | Depths:1 | Lost mutation: You are somewhat resistant to further
                  | mutation. [Jiyva's grace]
 53622 | Depths:1 | Lost mutation: Your rubbery body absorbs attacks. (AC +1,
                  | EV +1) [Jiyva's grace]
 53622 | Depths:1 | Lost mutation: Armour fits poorly on your massive
                  | pseudopods. [Jiyva's grace]
 53622 | Depths:1 | Gained mutation: You have claws for hands. [Jiyva's grace]
 53622 | Depths:1 | Gained mutation: You are covered in slimy tendrils that may
                  | disarm your opponents. [Jiyva's grace]
 53622 | Depths:1 | Gained mutation: You have a small jelly attached to you
                  | that senses nearby items. [Jiyva's grace]
 53622 | Depths:1 | Gained mutation: You passively dampen the noise of your
                  | surroundings. [Jiyva's grace]
 53670 | Depths:1 | Killed Mara
 53823 | Depths:1 | Found a glowing golden altar of the Shining One.
 53823 | Depths:1 | Found a glowing silver altar of Zin.
 53823 | Depths:1 | Found a white marble altar of Elyvilon.
 54962 | Depths:3 | Learned a level 2 spell: Wereblood
 54965 | Depths:3 | Learned a level 2 spell: Jinxbite
 54969 | Depths:3 | Learned a level 3 spell: Swiftness
 54994 | Depths:3 | Found Adocioff's Antique Armour Emporium.
 55052 | Depths:3 | Reached skill level 1 in Transmutations
 55063 | Depths:3 | Reached skill level 1 in Air Magic
 55101 | Depths:3 | Reached skill level 1 in Hexes
 55148 | Depths:3 | Found a one-way gate to the infinite horrors of the Abyss.
 55521 | Depths:3 | Found Tinneup's Book Boutique.
 55521 | Depths:3 | Found Yseamauz's Jewellery Emporium.
 55523 | Depths:3 | Found Jije's Book Boutique.
 55694 | Depths:4 | Entered Level 4 of the Depths
 55736 | Depths:4 | Found a gate to the Realm of Zot.
 55775 | Depths:4 | Lost mutation: You have claws for hands. [Jiyva's grace]
 55775 | Depths:4 | Lost mutation: You possess an exceptional clarity of mind.
                  | [Jiyva's grace]
 55775 | Depths:4 | Lost mutation: Your body has grown eyes which may confuse
                  | attackers. (Acc +3) [Jiyva's grace]
 55775 | Depths:4 | Lost mutation: Your translucent skin slightly reduces your
                  | foes' accuracy. (Stealth+) [Jiyva's grace]
 55775 | Depths:4 | Lost mutation: You expend magic power (3 MP) to strengthen
                  | your wands. [Jiyva's grace]
 55775 | Depths:4 | Gained mutation: You have a small jelly attached to you
                  | that may absorb projectiles. [Jiyva's grace]
 55775 | Depths:4 | Gained mutation: Your flesh is very heat resistant. (rF++)
                  | [Jiyva's grace]
 55775 | Depths:4 | Gained mutation: Your flesh is almost immune to the effects
                  | of heat. (rF+++) [Jiyva's grace]
 55775 | Depths:4 | Gained mutation: You expend magic power (3 MP) to
                  | strengthen your wands. [Jiyva's grace]
 56124 | Depths:4 | Found a sparkling altar of Nemelex Xobeh.
 56715 | Vaults:5 | Noticed a dread lich
 56724 | Vaults:4 | Reached XP level 25. HP: 113/157 MP: 30/40
 56771 | Vaults:5 | Reached skill level 5 in Air Magic
 56822 | Vaults:4 | Killed a dread lich
 56845 | Vaults:5 | Learned a level 2 spell: Passwall
 56877 | Vaults:5 | Reached skill level 1 in Earth Magic
 56913 | Vaults:5 | Got a silver rune of Zot
 56948 | Vaults:5 | Reached skill level 5 in Hexes
 56993 | Vaults:5 | Identified the staff "Taasaj" {rF+ rCorr Int+3 Fire}
 57064 | Vaults:5 | Reached skill level 5 in Transmutations
 57198 | Vaults:5 | Identified the +6 long sword "Urath" {flame, Int+2 SInv}
 57226 | Vaults:5 | Identified the ring "Diloosk" {Ice Dex+5}
 57455 | Vaults:5 | Noticed an ancient lich
 57466 | Vaults:5 | Killed from afar by an ancient lich

Illustrated notes

Levels and vault maps discovered:
D:1:      heliophobic_arrival_glass_houses, layout_loops_ring, serial_shops,
          shop
D:2:      layout_basic, dilly_ecumenical_altar_fadedgnrine, serial_shops, shop,
          minmay_strange_pillars, uniq_jessica
D:3:      layout_basic
D:4:      layout_cave_pools, lightli_minifort
D:5:      layout_basic, serial_shops, nicolae_shop_just_a_little_nook,
          grunt_ministairs_1, hangedman_decor_slide_cut
D:6:      layout_gridville, nicolae_overflow_squiral, kennysheep_mini_moat,
          minmay_temple_entry_glass
D:7:      layout_loops_corners, serial_shops,
          nicolae_shop_pleasant_corner_grove, hangedman_minor_gate_pass
D:8:      layout_cave_pods, ebering_ghost_rock_garden, serial_shops,
          nicolae_book_shop_shelving, uniq_maurice
D:9:      layout_loops_corners, david_orc_3, small_chamber_with_monster
D:10:     layout_loops_ring, david_lair_generic, serial_shops,
          nicolae_shop_temple_entry_statues_fountains
D:11:     layout_roguey
D:12:     nicolae_cairo_tiling_very_big, layout_irregular_city, serial_shops,
          shop, hangedman_batty
D:13:     layout_irregular_city, david_vaults_5, minmay_guarded_unrand_finisher
D:14:     layout_cave_pools, gauntlet_entry_generic, kennysheep_generic_room_13,
          uniq_agnes
D:15:     hangedman_depths_entry_civil_slaughter, layout_irregular_city,
          chequers_serial_rivers_micro_c, minmay_hedge_maze
Temple:   compressed_dpeg_triangle_lava_temple
Lair:1:   layout_cave_shapes, infiniplex_staircase_pool, serial_bayou_shore_b
Lair:2:   layout_small_grid, guppyfry_snake_entry_garden, grunt_megastairs_2
Lair:3:   layout_loops_ring, minmay_shoals_entry_lonely_mermaid,
          serial_bayou_shore_a
Lair:4:   wander_river, layout_gridlike, maelrawn_ghost_gauntlet_escape
Lair:5:   evil_forest, layout_hall_layers, minmay_slime_entry_pillars,
          basic_altar, bobbens_dragon_lair_wall
Shoals:1: layout_shoals, uniq_frances
Shoals:2: cheibrodos_shoals_baths, layout_shoals
Shoals:3: layout_shoals
Shoals:4: shoals_end_grunt_ice, layout_shoals, serial_shops, shop
Snake:1:  layout_basic, nicolae_snake_single_loop, uniq_roxanne
Snake:2:  cheibrodos_toxic_ritual, layout_cave_town, uniq_asterion, uniq_louise
Snake:3:  layout_onion, serial_bayou_shore_b, uniq_aizul, uniq_vashnia,
          uniq_azrael
Snake:4:  grunt_snake_rune_serpentine_throne, layout_cave_town,
          nicolae_snake_salamander_fort
Slime:1:  layout_caves
Slime:2:  layout_caves, nicolae_slime_getting_an_eyeful
Slime:3:  layout_caves
Slime:4:  layout_caves
Slime:5:  slime_pit_nicolae_trefoil
Orc:1:    layout_caves
Orc:2:    st_orc_town, layout_caves, ebering_ghost_disaster_area, uniq_snorg
Elf:1:    minmay_elf_arrival_summoners, layout_loops_corners, mu_enter_wizlab_5,
          kennysheep_underground_church, uniq_zenata, uniq_donald
Elf:2:    elven_hall_of_blades_hangedman_original [nooodl_blade_entry_preview],
          layout_gridlike, grunt_megastairs_3
Elf:3:    elf_hall, layout_onion_city
Vaults:1: vaults_room_boxed, vaults_dpeg_ring, vaults_dpeg_diagonal,
          v_alt_pattern_1, nicolae_vaults_trapezoid_lopsided_3, v_pattern_1,
          nicolae_vaults_house_1, nicolae_vaults_house_1,
          nicolae_vaults_storage_closets_1, vaults_room_fancy_cross,
          v_alt_pattern_2, nicolae_vaults_six-pack, layout_vaults_omnibox,
          uniq_nikola, uniq_saint_roka
Vaults:2: nicolae_vaults_diagonal_hallway_7, v_misc_1, vaults_mumra_hex,
          nicolae_vaults_closet_pinwheel_6, vaults_mumra_lcd,
          nicolae_vaults_network_star, gammafunk_sealed_arena,
          nicolae_vaults_turnstiles, nicolae_vaults_theta, v_misc_12,
          nicolae_vaults_little_squares_6, nicolae_vaults_tetromino_L_2,
          layout_vaults_maze_snakey, uniq_frederick
Vaults:3: gammafunk_ghost_mausoleum, nicolae_vaults_shelves_hall,
          nicolae_vaults_stepped_doors, grunt_vaults_hallway_long,
          minmay_crypt_entry_skeletal_spiral, hangedman_vaults_cutoff,
          vaults_dpeg_encased_lava, vaults_room_mumra_shop_pool,
          nicolae_vaults_sightless_eye, vaults_room_pool, v_misc_8, v_misc_23,
          layout_vaults_omnicross, serial_shops, shop, uniq_sojobo
Vaults:4: nicolae_vaults_trapezoid_1, grunt_tower_of_power,
          hangedman_vaults_nails, v_pattern_4, nicolae_vaults_border_crossing,
          layout_vaults_omnigrid, serial_shops, bzr_entry_dummy
Vaults:5: serial_shops
Crypt:1:  layout_catacombs
Crypt:2:  layout_catacombs, amcnicky_mini_corridor_feature, uniq_khufu
Crypt:3:  due_elkab, layout_chaotic_city, st_stairs_14
Tomb:1
Depths:1: layout_cave_pools, enter_ziggurat_b, nicolae_qazlal_style_of_elements,
          hellmouth_1, minmay_misc_feat_more_columns, hallowed_hall, uniq_mara
Depths:2: grunt_bruiser_brothers, layout_cave_shapes, grunt_hell_horde,
          pan_entry, serial_bayou_lagoon_b
Depths:3: nicolae_hexawheel, layout_twisted_cross, serial_shops, shop,
          abyss_entry, kennysheep_cluttered_room, grunt_hell_entry_dis_grunt,
          minmay_misc_feat_square, minmay_shop_grove
Depths:4: evilmike_zot_entry_diamond, layout_gridlike, serial_corexii_hall,
          corexii_hall_statues_t, chequers_hall_statues_y, hell_entry,
          nemelex_altar_shiori

Skill      XL: |  1  2  3  4  5  6  7  8  9 10 11 12 13 14 15 16 17 18 19 20 21 22 23 24 25 |
---------------+----------------------------------------------------------------------------+-----
Axes           | 2 |  2.4
Shields        | 4 5 10 12 | 12.9
Fighting       | 4 5 7 9 10 11 12 13 14 15 16 | 16.4
Armour         | 4 5 7 9 10 11 12 13 14 15 16 | 16.4
Maces & Flails | 1 2 3 |  3.1
Polearms       | 2 4 6 7 8 9 11 12 15 17 19 20 22 23 24 26 | 26.4
Dodging        | 5 6 8 9 10 11 | 11.0
Spellcasting   | 3 4 5 7 9 11 12 13 | 13.5
Evocations     | 2 5 6 8 10 12 | 12.7
Transmutations | 3 6 |  6.0
Air Magic      | 4 5 |  5.2
Hexes          | 3 6 |  6.0
Earth Magic    | 3 |  3.0

Action                     |  1- 3 |  4- 6 |  7- 9 | 10-12 | 13-15 | 16-18 | 19-21 | 22-24 | 25-27 || total
---------------------------+-------+-------+-------+-------+-------+-------+-------+-------+-------++-------
  Melee: War axe           |    95 |   129 |       |       |       |       |       |       |       ||   224
         Morningstar       |       |    47 |    17 |       |       |       |       |       |       ||    64
         Hand axe          |       |    15 |       |       |       |       |       |       |       ||    15
         Spear             |       |       |   253 |   958 |  1012 |       |       |       |       ||  2223
         Scythe            |       |       |       |       |   513 |  1163 |   924 |  1403 |   240 ||  4243
         Kick              |       |       |       |       |    52 |   276 |    32 |       |       ||   360
         Headbutt          |       |       |       |       |       |    36 |       |       |       ||    36
         Halberd           |       |       |       |       |       |     2 |       |       |       ||     2
         Pseudopods        |       |       |       |       |       |    52 |   121 |   145 |    49 ||   367
         Scythe            |       |       |       |       |       |       |   300 |   231 |       ||   531
  Throw: Dart              |       |       |     9 |       |     7 |    10 |       |     1 |       ||    27
   Cast: Wereblood         |       |       |       |       |       |       |       |     4 |     1 ||     5
         Swiftness         |       |       |       |       |       |       |       |     1 |       ||     1
 Invoke: Oozemancy         |       |       |       |       |     4 |     3 |     4 |     3 |     2 ||    16
         Slimify           |       |       |       |       |     2 |     1 |       |       |       ||     3
  Evoke: Wand              |       |       |       |       |     6 |     3 |       |     2 |       ||    11
         Box of beasts     |       |       |       |       |     1 |       |       |     1 |       ||     2
         Phial of floods   |       |       |       |       |       |     2 |       |       |       ||     2
    Use: Scroll            |       |     6 |     4 |    11 |     9 |     5 |     5 |     7 |     2 ||    49
         Potion            |       |       |     1 |     6 |     5 |     5 |       |     3 |       ||    20
   Stab: Petrified         |       |       |       |       |       |     3 |       |       |       ||     3
         Distracted        |       |       |       |       |       |     2 |       |     1 |       ||     3
         Petrifying        |       |       |       |       |       |     1 |       |       |       ||     1
         Confused          |       |       |       |       |       |       |     1 |     1 |       ||     2
         Invisible         |       |       |       |       |       |       |       |     4 |       ||     4
 Armour: Scale mail        |    91 |     8 |       |       |       |       |       |       |       ||    99
         Chain mail        |       |   148 |   138 |   164 |       |       |       |       |       ||   450
         Plate armour      |       |       |       |   516 |  1147 |  1056 |   769 |   890 |   158 ||  4536
  Dodge: Dodged            |    61 |   104 |    75 |   331 |   500 |   632 |   506 |   499 |    48 ||  2756
  Block: Buckler           |    29 |    49 |    35 |    23 |       |       |       |       |       ||   136
         Kite shield       |       |       |       |   369 |   513 |       |       |       |       ||   882

Table legend: (Time is in decaauts)
 A = Elapsed time spent in this place.
 B = Non-inter-level travel time spent in this place.
 C = Inter-level travel time spent in this place.
 D = Time resting spent in this place.
 E = Time spent auto-exploring this place.
 F = Levels seen in this place.
 G = Mean time per level.
                   A        B        C        D        E       F      G
               +--------+--------+--------+--------+--------+-----+--------+
         Total |  55694 |  47736 |   7958 |   3788 |  29036 |  57 |  977.1 |
       Dungeon |  16296 |  14038 |   2258 |   1474 |   9099 |  15 | 1086.4 |
        Temple |     12 |      8 |      4 |      0 |      0 |   1 |   12.0 |
          Lair |   8995 |   7193 |   1802 |   1039 |   4189 |   5 | 1799.0 |
        Shoals |   3565 |   3172 |    393 |     95 |   2315 |   4 |  891.2 |
     Snake Pit |   3740 |   3581 |    159 |     69 |   2392 |   4 |  935.0 |
    Slime Pits |   1224 |   1090 |    134 |      0 |    991 |   5 |  244.8 |
  Orcish Mines |   2097 |   1680 |    417 |    208 |    827 |   2 | 1048.5 |
   Elven Halls |   4343 |   3625 |    718 |    233 |   1975 |   3 | 1447.7 |
        Vaults |   5675 |   4397 |   1278 |    110 |   2237 |   5 | 1135.0 |
         Crypt |   3720 |   3320 |    400 |     49 |   2297 |   3 | 1240.0 |
          Tomb |    933 |    797 |    136 |     18 |    410 |   1 |  933.0 |
        Depths |   2816 |   2560 |    256 |     10 |   1818 |   4 |  704.0 |
         Abyss |    670 |    670 |      0 |      0 |     66 |   2 |  335.0 |
        Bazaar |    102 |    102 |      0 |      0 |     59 |   1 |  102.0 |
        Wizlab |    887 |    887 |      0 |    437 |    215 |   1 |  887.0 |
      Gauntlet |    614 |    614 |      0 |     44 |    146 |   1 |  614.0 |
               +--------+--------+--------+--------+--------+-----+--------+

Top non-repeatable levels by time:
  Lair:3: 2728 daAuts
  Lair:5: 2054 daAuts
  Lair:1: 1751 daAuts
     D:9: 1734 daAuts
    D:10: 1677 daAuts
     D:7: 1654 daAuts
   Elf:1: 1522 daAuts
Vaults:2: 1507 daAuts
    D:13: 1495 daAuts
   Orc:2: 1463 daAuts
Vaults:3: 1461 daAuts
     D:8: 1456 daAuts
   Elf:3: 1451 daAuts
  Lair:4: 1429 daAuts
 Crypt:3: 1377 daAuts
